 Dungeon Crawl Stone Soup version 0.21.1-1-g345015f (webtiles) character file.

45 Kairos the Skirmisher (level 3, 0/30 HPs)
             Began as a Formicid Abyssal Knight on Mar 27, 2018.
             Was a Follower of Lugonu.
             Slain by an adder (1 damage)
             ... on level 2 of the Dungeon.
             The game lasted 00:03:50 (2127 turns).

Kairos the Skirmisher (Formicid Abyssal Knight)     Turns: 2127, Time: 00:03:50

Health: 0/30       AC:  5    Str: 16    XL:     3   Next: 90%
Magic:  4/4        EV: 10    Int: 11    God:    Lugonu [*.....]
Gold:   75         SH:  0    Dex: 11    Spells: 2/2 levels left

rFire    . . .     SeeInvis +   k - +0 hand axe
rCold    . . .     Gourm    +   (no shield)
rNeg     . . .     Faith    .   f - +0 ring mail
rPois    .         Spirit   .   (helmet unavailable)
rElec    .         Reflect  .   (no cloak)
rCorr    .         Harm     .   (no gloves)
MR       .....                  (no boots)
Stlth    +.........             g - amulet of the gourmand
HPRegen  0.10/turn              (no ring)
MPRegen  0.09/turn              (no ring)

@: lethally poisoned (0 -> -5)
A: permanent stasis, dig shafts and tunnels, four strong arms, antennae 3
a: Dig, Shaft Self, Depart the Abyss, Renounce Religion


You were on level 2 of the Dungeon.
You worshipped Lugonu.
Lugonu was aware of your devotion.
You were hungry.

You visited 1 branch of the dungeon, and saw 2 of its levels.
You visited the Abyss 1 time.

You collected 75 gold pieces.

Inventory:

Hand Weapons
 a - a +1 mace
 k - a +0 hand axe (weapon)
Armour
 b - a +0 leather armour
 f - a +0 ring mail (worn)
Jewellery
 g - an amulet of the gourmand (around neck)
Scrolls
 e - a scroll of acquirement {unknown}
 h - a scroll of fog {unknown}
 j - 2 scrolls of magic mapping {unknown}
 l - 2 scrolls of identify {unknown}
Potions
 d - a potion of experience {unknown}
 i - 2 potions of curing {unknown}
Comestibles
 c - 6 rations


   Skills:
 + Level 3.6 Fighting
 + Level 0.1(1.5) Axes
 + Level 2.6(2.7) Maces & Flails
 + Level 2.9 Armour
 + Level 0.9 Dodging
 + Level 1.2 Stealth
 + Level 2.4 Invocations


You had 2 spell levels left.
You didn't know any spells.

Dungeon Overview and Level Annotations

Branches:
Dungeon (2/15)

Altars:
The Shining One


Innate Abilities, Weirdness & Mutations

You cannot be hasted, slowed, berserked, paralysed or teleported.
You can dig through walls and to a lower floor.
Your four strong arms can wield two-handed weapons with a shield.
You have a pair of large antennae on your head. (SInv)


Message History

You are too injured to fight recklessly!
You are too injured to fight recklessly!
You are too injured to fight recklessly!
You closely miss the adder. The adder bites you.
* * * LOW HITPOINT WARNING * * *
You are poisoned.
The adder poisons you!
You hit the adder.
The adder is lightly wounded.
You feel sick. The adder bites you.
* * * LOW HITPOINT WARNING * * *
You are lethally poisoned!
The adder poisons you! The adder bites you.
* * * LOW HITPOINT WARNING * * *
Unknown command.
You closely miss the adder.
The adder is lightly wounded.
* * * LOW HITPOINT WARNING * * *
You feel sick. The adder bites you but does no damage. The adder bites you.
You die...

### #### ####
#.#######..####.#
...#
#...............#
##.#
#.#######..####.#
#.#
#.#...........#
#.#
#.#.####.#.##.#
#(# #.#...S@...#
# ##.###
#.######.###
(....# #.# #.#
....<# #.# #.#
(....# #.# #.#
†)...# #.# #.#
.....#####.# ...
{ ...........# ##
.[...#######


You could see an adder.

Vanquished Creatures
  A gnoll (D:1)
  A dart slug (D:1)
  A leopard gecko (D:1)
  5 goblins
  7 hobgoblins
  3 kobolds (D:1)
  A ball python (D:1)
  4 bats
  2 frilled lizards
  6 rats (D:1)
31 creatures vanquished.

Notes
Turn   | Place    | Note
-------+----------+-------------------------------------------
     0 | Abyss:1  | Kairos the Formicid Abyssal Knight began the quest for the Orb.
     0 | Abyss:1  | Reached XP level 1. HP: 18/18 MP: 2/2
    11 | Abyss:1  | Found a corrupted altar of Lugonu.
    57 | Abyss:3  | Found a corrupted altar of Lugonu.
    57 | Abyss:3  | Noticed a starcursed mass
    57 | Abyss:3  | Noticed a tentacled starspawn
    57 | Abyss:3  | Noticed a thrashing horror
    57 | Abyss:3  | Noticed a mad acolyte of Lugonu
    57 | Abyss:3  | Noticed a blink frog
    57 | Abyss:3  | Noticed a blink frog
    57 | Abyss:3  | Noticed a merfolk avatar
    57 | Abyss:3  | Noticed a blink frog
    59 | Abyss:3  | Noticed a mad acolyte of Lugonu
    59 | D:1      | Escaped the Abyss
   710 | D:1      | Reached skill level 1 in Stealth
   731 | D:1      | Reached XP level 2. HP: 6/24 MP: 3/3
  1068 | D:1      | Reached * piety under Lugonu
  1258 | D:1      | Found a glowing golden altar of the Shining One.
  1288 | D:1      | Reached XP level 3. HP: 21/29 MP: 4/4
  2126 | D:2      | HP: 1/30 [adder (4)]
  2127 | D:2      | Slain by an adder

Skill      XL: |  1 |
---------------+----+-----
Stealth        | 1 |  1.2
Fighting       | |  3.6
Axes           | |  0.1
Maces & Flails | |  2.6
Armour         | |  2.9
Dodging        | |  0.9
Invocations    | |  2.4

Action                   || total
-------------------------++-------
Melee: Mace              ||    48
       Hand axe          ||    77
Invok: Depart the Abyss  ||     1
  Eat: Chunk             ||     3
Armor: Ring mail         ||    54
       Leather armour    ||     1
Dodge: Dodged            ||    60
